 Dungeon Crawl Stone Soup version 0.21-a0-509-gecc5317 (webtiles) character file.

93 Laiders the Sneak (level 4, 0/23 HPs)
             Began as a Vine Stalker Fighter on Nov 30, 2017.
             Slain by a hobgoblin (2 damage)
             ... on level 3 of the Dungeon.
             The game lasted 00:08:01 (2053 turns).

Laiders the Sneak (Vine Stalker Fighter)            Turns: 2053, Time: 00:08:02

Health: 0/23       AC:  7    Str: 18    XL:     4   Next: 62%
Magic:  0/5        EV: 11    Int: 14    God:
Gold:   185        SH:  0    Dex: 14    Spells: 3/3 levels left

rFire    . . .     SeeInvis .   a - +0 flail
rCold    . . .     Gourm    .   (no shield)
rNeg     . . .     Faith    .   t - +3 leather armour
rPois    .         Spirit   +   (no helmet)
rElec    .         Reflect  .   s - +0 cloak
rCorr    .         Harm     .   (no gloves)
MR       .....                  (no boots)
Stlth    ++........             (no amulet)
HPRegen  0.47/turn              (no ring)
MPRegen  0.09/turn              (no ring)

@: brilliant, lethally poisoned (0 -> -4), flying
A: fangs 2, regeneration 1, magic shield, antimagic bite, no potion heal 3, rot
immunity
a: no special abilities


You were on level 3 of the Dungeon.
You were not hungry.

You visited 1 branch of the dungeon, and saw 3 of its levels.

You collected 185 gold pieces.

Inventory:

Hand Weapons
 a - a +0 flail (weapon)
Missiles
 n - a throwing net (quivered)
 x - 5 tomahawks
Armour
 c - a +0 shield
 e - a +0 chain mail
 s - a +0 cloak (worn)
 t - a +3 leather armour (worn)
Scrolls
 h - a scroll of immolation {unknown}
 j - a scroll of blinking {unknown}
 k - a scroll of teleportation {unknown}
 l - 2 scrolls of remove curse {unknown}
 m - a scroll of enchant armour {unknown}
 v - 2 scrolls of identify {unknown}
 w - a scroll of enchant weapon {unknown}
Potions
 b - 3 potions of flight
 d - a potion of might
 g - a potion of brilliance
 i - 2 potions of curing {unknown}
 o - a potion of lignification {unknown}
 p - a potion of agility {unknown}
 r - a potion of heal wounds {unknown}
 u - a potion of magic {unknown}
Comestibles
 f - 2 bread rations
 q - 4 chunks of flesh


   Skills:
 - Level 2.6 Fighting
 + Level 3.2 Maces & Flails
 - Level 2.4 Armour
 + Level 3.6 Stealth
 - Level 2.6 Shields


You had 3 spell levels left.
You didn't know any spells.

Dungeon Overview and Level Annotations

Branches:
Dungeon (3/15)

Altars:


Innate Abilities, Weirdness & Mutations

You have extremely sharp teeth.
Your natural rate of healing is unusually fast.
When hurt, damage is shared between your health and your magic reserves.
Your bite disrupts and absorbs the magic of your enemies.
Potions cannot restore your health.
You are immune to rotting.


Message History

The adder bites you.
* * * LOW HITPOINT WARNING * * *
You are lethally poisoned!
The adder poisons you! The giant cockroach closely misses you.
The hobgoblin hits you but does no damage.
It was a potion of flight.
You feel very buoyant.
You fly up into the air.
* * * LOW HITPOINT WARNING * * *
You feel sick. The adder barely misses you.
The giant cockroach barely misses you.
The hobgoblin hits you but does no damage.
The adder barely misses you.
It was a potion of brilliance.
You feel clever all of a sudden.
* * * LOW HITPOINT WARNING * * *
You feel sick. The giant cockroach barely misses you.
The ooze barely misses you. The adder bites you but does no damage.
The hobgoblin hits you.
You die...

####..# ####.###...
#....## #........#
#.#...## #......).# ..
#.#..## #........# #.
#.##..## #.......# # ..
##..# #.......# ###
##.#######.......## . ###
#..).#.........<... .
.....##.J@..##.......###
# .#
....)...gSs.########## #
.###......###r#.# #
.#...###......#.#####
###...#####..###.......#
........$...........##..#
....# ..?........#..# ...
#...# .......≈≈..##.)# .
....# ......≈..≈.# ....


You could see an ooze, an adder, a giant cockroach, a hobgoblin and a rat.

Vanquished Creatures
  3 adders
  An ooze (D:2)
  A worm (D:3)
  4 leopard geckos (D:1)
  6 giant cockroaches
  8 goblins
  9 hobgoblins
  4 jackals (D:1)
  A kobold (D:2)
  A ball python (D:2)
  6 bats
  4 frilled lizards
  3 rats
  A bush (D:1)
  A plant (D:1)
53 creatures vanquished.

Notes
Turn   | Place    | Note
-------+----------+-------------------------------------------
     0 | D:1      | Laiders the Vine Stalker Fighter began the quest for the Orb.
     0 | D:1      | Reached XP level 1. HP: 11/11 MP: 2/2
   130 | D:1      | Reached skill level 1 in Stealth
   137 | D:1      | Reached XP level 2. HP: 9/16 MP: 1/3
   718 | D:1      | Reached XP level 3. HP: 15/19 MP: 2/4
  1365 | D:2      | Gained mutation: Your natural rate of healing is unusually fast. [Vine Stalker growth]
  1365 | D:2      | Reached XP level 4. HP: 22/23 MP: 5/5
  2053 | D:3      | Slain by a hobgoblin

Vault maps used:
D:1:      nicolae_arrival_somewhat_less_tricky_arrival, serial_forest,
          infiniplex_forest_clump_cross, infiniplex_forest_zigzag_1,
          infiniplex_forest_straight_3, infiniplex_forest_zigzag_2,
          infiniplex_forest_clump_long, infiniplex_forest_clump_diagonal,
          infiniplex_forest_lined_3, infiniplex_forest_lined_corner,
          infiniplex_forest_lined_ring
D:2:      wad_pebble_path
D:3:      cheibrodos_helix_gallery

Skill      XL: |  1  2  3 |
---------------+----------+-----
Maces & Flails | 2 3 |  3.2
Stealth        | 1 2 3 |  3.6
Fighting       | |  2.6
Armour         | |  2.4
Shields        | |  2.6

Action                   |  1- 3 |  4- 6 || total
-------------------------+-------+-------++-------
Melee: Flail             |   170 |    60 ||   230
       Bite              |    62 |    18 ||    80
  Use: Potion            |       |     2 ||     2
 Stab: Sleeping          |       |     2 ||     2
  Eat: Chunk             |     2 |     2 ||     4
Armor: Scale mail        |    10 |       ||    10
       Chain mail        |    53 |     4 ||    57
       Leather armour    |       |    47 ||    47
Dodge: Dodged            |    41 |    81 ||   122
Block: Shield            |    20 |       ||    20

Table legend:
 A = Spawn XP
 B = Non-spawn XP
 C = Spawn XP percentage of total XP
 D = Spawn monster count
 E = Non-spawn monster count
 F = Spawn count percentage of total count
 G = Total turns spent on level
                    A         B        C        D         E        F      G
               +---------+---------+-------+---------+---------+-------+---------
         Total |       0 |     134 |   0.0 |       0 |      51 |   0.0 |  2053
               +---------+---------+-------+---------+---------+-------+---------
           D:1 |       0 |      52 |   0.0 |       0 |      27 |   0.0 |  1261
           D:2 |       0 |      59 |   0.0 |       0 |      19 |   0.0 |   587
           D:3 |       0 |      23 |   0.0 |       0 |       5 |   0.0 |   205
               +---------+---------+-------+---------+---------+-------+---------
